Description

Hellion reaper opening into siege tanks and vikings. Lots of expansions and contain the opponent to maintain macro adv.

VOD

https://www.youtube.com/watch?v=yiweh_jYXVw

Replay - Blueshift LE (TvT) Mech Macro Contain to record

Build Order

Get SALT Encoding   

  12  0:00  SCV  
  13  0:13  SCV  
  14  0:17  Supply Depot  
  14  0:25  SCV  
  14  0:27  Refinery  
  15  0:38  SCV  
  16  0:45  Barracks  
  16  0:50  SCV  
  17  1:04  SCV  
  18  1:16  SCV  
  19  1:32  Orbital Command  
  19  1:43  Barracks Reactor  
  19  1:45  Reaper  
  20  1:52  Command Center  
  20  2:03  Factory  
  20  2:07  SCV  
  21  2:19  Barracks Reactor  
  21  2:22  Supply Depot  
  21  2:23  Refinery  
  21  2:24  SCV  
  22  2:36  SCV  
  23  2:48  Hellion  
  25  3:03  Orbital Command  
  25  3:04  Barracks Tech Lab  
  26  3:15  Factory  
  26  3:20  Armory  
  27  3:29  Hellion x2  
  36  4:05  Refinery x2  
  36  4:08  Engineering Bay  
  36  4:09  Terran Vehicle Weapons Level 1  
  38  4:19  Supply Depot  
  38  4:20  Barracks Reactor  
  38  4:27  Hellion x2, Supply Depot  
  46  4:39  Supply Depot  
  46  4:41  Siege Tank  
  49  4:49  Missile Turret x2  
  51  4:54  Hellion x2  
  55  5:08  Starport  
  58  5:36  Hellion x2, Siege Tank  
  58  5:37  Command Center  
  65  5:49  Viking  
  69  6:25  Hellion, Terran Vehicle Weapons Level 2, Siege Tank  
  76  6:26  Missile Turret  
  76  6:31  Armory  
  80  6:54  Missile Turret  
  80  6:57  Siege Tank  
  86  7:06  Missile Turret  
  86  7:15  Refinery x2  
  86  7:21  Orbital Command  
  88  7:29  Siege Tank  
  91  7:34  Command Center  
  91  7:35  Hi-Sec Auto Tracking  
  93  7:39  Missile Turret  
  93  7:42  Terran Vehicle And Ship Armor Level 1  
  95  7:53  Viking x2  
  101  8:01  Siege Tank  
  107  8:23  Viking x2  
  114  8:33  Siege Tank  
  112  9:05  Siege Tank  
  114  9:13  Viking x2  
  120  9:37  Siege Tank  
  123  9:41  Command Center  
  123  9:43  Viking x2  
  127  9:45  Factory  
  131  9:53  Factory  
  131  9:54  Starport, Command Center x3  
Spawning Tool Build Advisor. Get it on Overwolf

Analysis

Early harass and fast macro are key to winning in TvT

Go to:

Details

  • Created by: silverhorn  
  • Published on: Jan 03, 2019
  • Modified on: Jan 03, 2019
  • Patch: 4.7.1
Show
View Real Time Build Order
Export as new Build Order

Comments (0)

There are no comments. Be the first!

Create an account to comment!